 Dungeon Crawl Stone Soup version 0.30-a0-313-gae38170b09 (webtiles) character file.

Game seed: 2583005599733750726

35 koil the Shooter (level 3, -2/18 HPs)
             Began as a Spriggan Hunter on Oct 26, 2022.
             Slain by an endoplasm (3 damage)
             ... on level 2 of the Dungeon.
             The game lasted 00:01:23 (708 turns).

koil the Shooter (Spriggan Hunter)                   Turns: 708, Time: 00:01:23

Health: -2/18      AC:  2    Str:  7    XL:     3   Next: 16%
Magic:  5/5        EV: 18    Int: 10    God:
Gold:   30         SH:  0    Dex: 20    Spells: 4/4 levels left

rFire   . . .      SeeInvis +    a - +0 shortbow
rCold   . . .      Faith    .    (shield currently unavailable)
rNeg    . . .      Spirit   .    c - +0 robe
rPois   .          Reflect  .    (helmet restricted)
rElec   .          Harm     .    (no cloak)
rCorr   .          Rampage  .    (gloves unavailable)
Will    .....                    (boots unavailable)
Stlth   ++........               (no amulet)
HPRegen 0.23/turn                (no ring)
MPRegen 0.09/turn                (no ring)

@: very quick
A: very small, no large weapons, unfitting armour, see invisible, speed 3
a: no special abilities


You were on level 2 of the Dungeon.
You visited 1 branch of the dungeon, and saw 2 of its levels.

You collected 30 gold pieces.

Inventory:

Hand Weapons
 a - a +0 shortbow (weapon)
Armour
 c - a +0 robe (worn)
Scrolls
 b - a scroll of immolation
 e - a scroll of magic mapping {unknown}
Potions
 d - 2 potions of curing {unknown}


   Skills:
 + Level 1.9 Fighting
 + Level 4.2 Ranged Weapons
 + Level 3.3 Dodging
 + Level 2.6 Stealth
 + Level 1.3 Spellcasting


You had 4 spell levels left.
You didn't know any spells.
Your spell library was empty.

Dungeon Overview and Level Annotations

Branches:
Dungeon (2/15)

Altars:


Innate Abilities, Weirdness & Mutations

You are very small and have problems with some larger weapons.
You are too small for most types of armour.
You have supernaturally acute eyesight. (SInv)
You cover ground extremely quickly. (Speed+++)


Message History

e - a scroll labelled KOSTRI UKETWEF
Found a stone staircase leading up.
An endoplasm comes into view.
You shoot an arrow.
The arrow hits the endoplasm but does no damage.
You hear a shout!
A goblin comes into view. It is wielding a +0 dagger.
An endoplasm comes into view.
A ball python comes into view.
You shoot an arrow. The arrow closely misses the goblin.
You shoot an arrow. The arrow hits the goblin.
You kill the goblin!
You hear an angry hiss.
A hobgoblin comes into view.
You shoot an arrow. The arrow hits the ball python!
You kill the ball python!
A ball python comes into view.
The hobgoblin throws a throwing net.
The throwing net hits you.
You become entangled in the net!
You are held in a net!
You are held in a net!
You are held in a net!
Unknown command.
You struggle against the net.
The endoplasm hits you but does no damage.
The endoplasm freezes you.
You are frozen.
You struggle against the net.
The endoplasm freezes you.
You are frozen.
The endoplasm freezes you.
You are frozen.
You struggle against the net.
The endoplasm freezes you.
You are frozen.
* * * LOW HITPOINT WARNING * * *
The endoplasm hits you but does no damage.
You rip the net and break free!
The hobgoblin hits you.
* * * LOW HITPOINT WARNING * * *
The endoplasm hits you.
You die...

.# # ## ... .. .#.### #<
..... #.. .#.####
###..##S......
#.....gJ#.....
#..#@J......
#..#.##..... ...#.
#..#.# ... #+# .....
..#.# . #.####..#. #.#.#
........#.####.#.##.###
........+...............
........#...............
.†......#...†.########..


You could see 2 endoplasms, a hobgoblin and a ball python.

Vanquished Creatures
  A worm (D:2)
  3 dart slugs (D:1)
  3 bats (D:1)
  3 endoplasms (D:1)
  A giant cockroach (D:2)
  2 goblins
  3 hobgoblins
  2 quokkas (D:1)
  A ball python (D:2)
  3 frilled lizards (D:1)
  2 kobolds
24 creatures vanquished.

Notes
Turn   | Place    | Note
-------+----------+-------------------------------------------
     0 | D:1      | koil the Spriggan Hunter began the quest for the Orb.
     0 | D:1      | Reached XP level 1. HP: 10/10 MP: 2/2
    55 | D:1      | Reached XP level 2. HP: 15/15 MP: 3/3
   214 | D:1      | Found a faded altar of an unknown god.
   264 | D:1      | Reached skill level 1 in Spellcasting
   643 | D:2      | Reached XP level 3. HP: 18/18 MP: 5/5
   708 | D:2      | Slain by an endoplasm

Illustrated notes

Levels and vault maps discovered:
D:1:      dpeg_arrival_long_road, layout_loops_cross,
          shapermc_ecumenical_altar_mp_ritualfount, amcnicky_mini_pool_small
D:2:      layout_basic

Skill      XL: |  1  2 |
---------------+-------+-----
Stealth        | 2 |  2.6
Dodging        | 3 |  3.3
Spellcasting   | 1 |  1.3
Fighting       | |  1.9
Ranged Weapons | |  4.2

Action                   || total
-------------------------++-------
 Fire: Shortbow          ||    58
Armor: Robe              ||     5
Dodge: Dodged            ||    26

Table legend: (Time is in decaauts)
 A = Elapsed time spent in this place.
 B = Non-inter-level travel time spent in this place.
 C = Inter-level travel time spent in this place.
 D = Time resting spent in this place.
 E = Time spent auto-exploring this place.
 F = Levels seen in this place.
 G = Mean time per level.
                   A        B        C        D        E       F      G
               +--------+--------+--------+--------+--------+-----+--------+
         Total |    487 |    485 |      2 |      0 |    380 |   2 |  243.5 |
       Dungeon |    487 |    485 |      2 |      0 |    380 |   2 |  243.5 |
               +--------+--------+--------+--------+--------+-----+--------+

Top non-repeatable levels by time:
     D:1: 433 daAuts
     D:2: 53 daAuts
